 Dungeon Crawl Stone Soup version 0.29-a0-330-g52719c12eb (webtiles) character file.

Game seed: 8835743143216394606

2032 Ajdolov the Fighter (level 9, 0/63 (64) HPs)
             Began as a Kobold Hunter on May 3, 2022.
             Slain by a black bear (2 damage)
             ... on level 6 of the Dungeon.
             The game lasted 00:08:47 (6449 turns).

Ajdolov the Fighter (Kobold Hunter)                 Turns: 6449, Time: 00:08:47

HP:   0/63 (64)     AC:  3    Str:  8    XL:     9   Next: 47%
MP:   9/9           EV: 15    Int: 11    God:
Gold: 222           SH:  0    Dex: 22    Spells: 8/8 levels left

rFire   . . .      SeeInvis .   a - +1 hand crossbow
rCold   + . .      Faith    .   (no shield)
rNeg    . . .      Spirit   .   b - +0 leather armour
rPois   .          Reflect  .   (no helmet)
rElec   .          Harm     .   o - scarf {repulsion}
rCorr   .          Rampage  .   (no gloves)
Will    +....                   (no boots)
Stlth   +++.......              D - amulet of magic regeneration
HPRegen 0.20/turn               m - ring of willpower
MPRegen 0.51/turn               q - ring of protection from cold

@: lightly drained, repel missiles
A: small, no large weapons, nightstalker 3
a: no special abilities


You were on level 6 of the Dungeon.
You visited 1 branch of the dungeon, and saw 6 of its levels.

You collected 222 gold pieces.

Inventory:

Hand Weapons
 a - a +1 hand crossbow (weapon)
Missiles
 s - 3 curare-tipped darts
Armour
 b - a +0 leather armour (worn)
 o - a scarf of repulsion (worn)
Jewellery
 m - a ring of willpower (left hand)
 q - a ring of protection from cold (right hand)
 v - a ring of positive energy
 x - a ring of fire
 y - a ring of magical power
 D - an amulet of magic regeneration (around neck)
Wands
 n - a wand of mindburst (12)
Scrolls
 c - a scroll of immolation
 d - a scroll of blinking {unknown}
 e - a scroll of silence {unknown}
 f - 2 scrolls of enchant weapon {unknown}
 i - a scroll of noise {unknown}
 l - 3 scrolls of identify {unknown}
 p - a scroll of holy word {unknown}
 r - a scroll of acquirement {unknown}
 z - 4 scrolls of teleportation {unknown}
 A - 3 scrolls of fog {unknown}
 B - a scroll of fear {unknown}
Potions
 g - 3 potions of might
 h - a potion of curing
 j - 2 potions of lignification {unknown}
 k - a potion of attraction {unknown}
 t - a potion of mutation {unknown}
 u - a potion of heal wounds {unknown}
 w - a potion of magic {unknown}
 C - a potion of ambrosia {unknown}


   Skills:
 + Level 11.1 Fighting
 - Level 10.0 Crossbows
 - Level 2.4 Dodging
 - Level 1.3 Stealth


You had 8 spell levels left.
You didn't know any spells.
Your spell library contained the following spells:

 Spells                   Type           Power      Damage    Failure   Level
 Dazzling Flash           Conj/Hex       0%         N/A       83%         3
 Iskenderun's Mystic Bla  Conj/Tloc      0%         2d3       99%         4
 Petrify                  Tmut/Erth      0%         N/A       99%         4
 Metabolic Englaciation   Hex/Ice        0%         N/A       100%        5
 Starburst                Conj/Fire      0%         6d3       100%        6
 Statue Form              Tmut/Erth      0%         N/A       100%        6


Dungeon Overview and Level Annotations

Branches:
Dungeon (6/15)
 Temple: D:4-7

Altars:


Innate Abilities, Weirdness & Mutations

You are small and have problems with some larger weapons.
You are completely attuned to the shadows.


Message History

The black bear misses you. The black bear barely misses you.
The black bear claws you but does no damage.
The black bear claws you.
Shoot: a) +1 hand crossbow
Press: ? - help, Q - select action, (/) - cycle Shift-Dir - straight line, f/p - black bear
Aim: a black bear (almost dead, berserk, 78% to hit)
You shoot a bolt. The bolt barely misses the black bear.
The black bear completely misses you. The black bear claws you. x2
Unknown command.
Shoot: a) +1 hand crossbow
Press: ? - help, Q - select action, (/) - cycle Shift-Dir - straight line, f/p - black bear
Aim: a black bear (almost dead, berserk, 78% to hit)
You shoot a bolt.
The bolt completely misses the black bear.
The black bear completely misses you. The black bear closely misses you.
The black bear claws you. The black bear barely misses you.
The black bear claws you.
The black bear claws you but does no damage.
Shoot: a) +1 hand crossbow
Press: ? - help, Q - select action, (/) - cycle Shift-Dir - straight line, f/p - black bear
Aim: a black bear (almost dead, berserk, 78% to hit)
You shoot a bolt. The bolt barely misses the black bear.
The black bear bites you. The black bear claws you. x2
* * * LOW HITPOINT WARNING * * *
The black bear bites you but does no damage.
The black bear claws you but does no damage.
The black bear claws you.
* * * LOW HITPOINT WARNING * * *
Throw: 4 darts (curare)
Press: ? - help, Shift-Dir - straight line, f/p - black bear
Aim: a black bear (almost dead, berserk, 74% to hit)
You throw a curare-tipped dart.
The curare-tipped dart hits the black bear.
The black bear is poisoned.
The black bear convulses.
The black bear seems to slow down.
The black bear is almost dead.
The black bear bites you!
* * * LOW HITPOINT WARNING * * *
The black bear claws you.
You die...

#. #. ###.
#...##############
.!.h@...........>#
.[....[####.#.##.#
........#.#.#....####
....#................
..........#......####
..........#..รท...#
.........#.#....#
..............#
...........#..#


You could see a black bear (berserk, very poisoned, slow).

Vanquished Creatures
  Pikel (D:4)
  Sigmund (D:2)
  An ice beast (D:5)
  A black bear (D:4)
  An orc warrior (D:4)
  A sky beast (D:5)
  2 ogres
  4 lemures (D:4)
  A phantom (D:4)
  A bullfrog (D:6)
  2 necrophages
  A scorpion (D:5)
  A howler monkey (D:5)
  5 orc priests
  2 hounds
  An iguana (D:4)
  3 orc wizards (D:4)
  Natasha (twice) (D:2)
  7 adders
  A white imp (D:3)
  2 ufetubi
  A worm (D:2)
  A dart slug (D:2)
  18 orcs
  7 bats
  7 endoplasms
  2 goblins
  6 hobgoblins
  3 jackals (D:2)
  9 kobolds
  2 quokkas
  6 ball pythons
  5 frilled lizards
  6 rats
114 creatures vanquished.

Notes
Turn   | Place    | Note
-------+----------+-------------------------------------------
     0 | D:1      | Ajdolov the Kobold Hunter began the quest for the Orb.
     0 | D:1      | Reached XP level 1. HP: 12/12 MP: 1/1
   167 | D:1      | Reached XP level 2. HP: 18/18 MP: 2/2
   685 | D:2      | Noticed Sigmund
   692 | D:2      | Killed Sigmund
   693 | D:2      | Reached skill level 4 in Fighting
   693 | D:2      | Reached XP level 3. HP: 24/24 MP: 3/3
   693 | D:2      | Reached XP level 4. HP: 29/29 MP: 4/4
   693 | D:2      | Reached XP level 5. HP: 33/33 MP: 5/5
   696 | D:2      | Reached XP level 6. HP: 38/38 MP: 6/6
   723 | D:2      | Identified the +9 dagger of Yghisaum {vorpal, Int+5}
  1113 | D:2      | Found a faded altar of an unknown god.
  1474 | D:2      | Noticed Natasha
  1477 | D:2      | Killed Natasha
  1530 | D:2      | Noticed Natasha
  1533 | D:2      | Killed Natasha
  3151 | D:4      | Noticed Pikel
  3252 | D:4      | Noticed an ogre
  3268 | D:4      | Killed an ogre
  3269 | D:4      | Reached XP level 7. HP: 44/44 MP: 7/7
  3594 | D:4      | Reached skill level 5 in Fighting
  3808 | D:4      | Reached skill level 10 in Crossbows
  4027 | D:4      | Reached XP level 8. HP: 34/51 MP: 8/8
  4030 | D:4      | Reached skill level 6 in Fighting
  4446 | D:4      | Killed Pikel
  4447 | D:4      | Reached skill level 8 in Fighting
  4559 | D:4      | Reached skill level 9 in Fighting
  5050 | D:5      | Entered Level 5 of the Dungeon
  5129 | D:4      | Reached XP level 9. HP: 25/60 MP: 9/9
  5682 | D:4      | Reached skill level 10 in Fighting
  6206 | D:6      | Reached skill level 11 in Fighting
  6449 | D:6      | HP: 2/63 [black bear (9)]
  6449 | D:6      | Slain by a black bear

Illustrated notes

Levels and vault maps discovered:
D:1:      minmay_arrival_wavy_path, layout_rooms
D:2:      layout_basic, basic_ecumenical_altar, uniq_sigmund, uniq_natasha
D:3:      layout_loops_ring
D:4:      layout_basic, uniq_pikel
D:5:      layout_cave_pools, minivault_11
D:6:      layout_basic, temple_pool_b

Skill      XL: |  1  2  3  4  5  6  7  8  9 |
---------------+----------------------------+-----
Fighting       | 4 5 9 11 | 11.1
Crossbows      | 7 9 10 | 10.0
Dodging        | |  2.4
Stealth        | |  1.3

Action                   |  1- 3 |  4- 6 |  7- 9 || total
-------------------------+-------+-------+-------++-------
 Fire: Hand crossbow     |    36 |   150 |   217 ||   403
Throw: Dart              |       |     2 |    11 ||    13
  Use: Potion            |       |       |     1 ||     1
Armor: Leather armour    |       |     9 |    22 ||    31
Dodge: Dodged            |    10 |    63 |   107 ||   180

Table legend: (Time is in decaauts)
 A = Elapsed time spent in this place.
 B = Non-inter-level travel time spent in this place.
 C = Inter-level travel time spent in this place.
 D = Time resting spent in this place.
 E = Time spent auto-exploring this place.
 F = Levels seen in this place.
 G = Mean time per level.
                   A        B        C        D        E       F      G
               +--------+--------+--------+--------+--------+-----+--------+
         Total |   6493 |   6131 |    362 |    986 |   4067 |   6 | 1082.2 |
       Dungeon |   6493 |   6131 |    362 |    986 |   4067 |   6 | 1082.2 |
               +--------+--------+--------+--------+--------+-----+--------+

Top non-repeatable levels by time:
     D:4: 2311 daAuts
     D:2: 1546 daAuts
     D:5: 900 daAuts
     D:3: 856 daAuts
     D:1: 607 daAuts
     D:6: 271 daAuts
